AoeStats
← darkmaku

Golden Pit

509687719Analyzed
1v1 RM · 5d ago on Sep 27, 2026· 40m 41s· 2 players
Game mode
Random Map
Map size
Tiny (2 player)
Population
200
Speed
Normal
Resources
Standard
Victory
Conquest
Starting age
Dark Age
Ending age
Imperial Age
RankedLock teamsTeams togetherTeam positionsShared explorationLock speedFull tech treeHidden civsTurbo modeCheats
Victory
Defeat
🇹🇷 Spanish · Türkiye
1067
+15
🇵🇪 Tatars · Peru
1050
-15
darkmaku
6:46 Loom
9:07 Feudal Age
10:50 Double-Bit Axe
18:18 Castle Age
16:21 Horse Collar
17:03 Gold Mining
17:51 Bloodlines
18:27 Fletching
24:55 Bodkin Arrow
26:37 Squires
27:21 Light Cavalry
36:27 Ballistics
36:37 Husbandry
36:39 Padded Archer Armor
galsberg
5:49 Loom
10:39 Feudal Age
18:56 Castle Age
21:42 Bloodlines
23:50 Horse Collar
26:44 Double-Bit Axe
27:57 Gold Mining
31:05 Wheelbarrow
32:31 Ballistics
34:01 Wheelbarrow
36:52 Imperial Age
34:59 Husbandry
36:38 Forging
37:00 Scale Barding Armor
38:27 Iron Casting
40:16 Stone Mining
Connection lost

Rejoining the realm…

Still unreachable

The connection could not be restored.

Session expired

The server has moved on; the page needs a fresh start.